 Dungeon Crawl Stone Soup version 0.17.0-73-gb648821 (webtiles) character file.

69 JokEr the Shield-Bearer (level 4, -1/29 HPs)
             Began as a Gargoyle Fighter on Dec 9, 2015.
             Slain by Sigmund
             ... wielding a +0 scythe
              (6 damage)
             ... on level 2 of the Dungeon.
             The game lasted 00:03:56 (1159 turns).

JokEr the Shield-Bearer (Gargoyle Fighter)          Turns: 1159, Time: 00:03:58

Health: -1/29      AC: 10    Str: 25    XL:     4   Next: 20%
Magic:  4/4        EV:  8    Int:  9    God:
Gold:   76         SH: 10    Dex:  9    Spells: 0 memorised, 3 levels left

rFire  . . .     SeeInvis .     a - +0 flail
rCold  . . .     Clarity  .     b - +0 scale mail
rNeg   + . .     SustAt   .     c - +0 shield
rPois  ∞         Gourm    .     (no helmet)
rElec  +         Spirit   .     (no cloak)
rCorr  .         Warding  .     (no gloves)
rMut   .         Stasis   .     (no boots)
MR     .....                    (no amulet)
Stlth  ..........               (no ring)
                                (no ring)

@: mighty, not resistant to hostile enchantments, extremely unstealthy
A: negative energy resistance 1, electricity resistance, unbreathing,
petrification resistance, rot immunity, AC +3
a: no special abilities


You were on level 2 of the Dungeon.
You were not hungry.

You visited 1 branch of the dungeon, and saw 2 of its levels.

You collected 76 gold pieces.

Inventory:

Hand Weapons
 a - a +0 flail (weapon)
Armour
 b - a +0 scale mail (worn)
 c - a +0 shield (worn)
 h - a +0 chain mail
Scrolls
 f - 4 scrolls of identify {unknown}
 l - 2 scrolls of magic mapping {unknown}
 m - 2 scrolls of blinking {unknown}
 n - a scroll of immolation {unknown}
Potions
 g - a potion of curing {unknown}
 i - a potion of mutation {unknown}
 k - 2 potions of agility {unknown}
Comestibles
 j - a meat ration


   Skills:
 + Level 4.0 Fighting
 + Level 2.2 Maces & Flails
 + Level 3.7 Armour
 + Level 0.7 Dodging
 + Level 4.1 Shields


You had 3 spell levels left.
You didn't know any spells.

Dungeon Overview and Level Annotations

Branches:
Dungeon (2/15)

Altars:

Annotations:
D:2 Robin, Sigmund


Innate Abilities, Weirdness & Mutations

You are resistant to torment.
Your stone body is resilient (AC +3).
You are immune to poison.
You resist negative energy.
You are resistant to electric shocks.
You can survive without breathing.
You are immune to petrification.
You are immune to rotting.


Message History

Your shield and scale mail prevent you from hitting Robin.
Robin is moderately wounded.
You block the goblin's attack. You block the rat's attack.
The goblin hits you but does no damage. x2
Robin throws the goblin at you! Sigmund misses you. The rat barely misses you.
The goblin closely misses you.
You sock Robin!
Robin is almost dead.
The goblin completely misses you. You block the goblin's attack.
You block Robin's attack. The goblin barely misses you.
The rat closely misses you. Sigmund barely misses you.
The goblin closely misses you. x2
Your shield and scale mail prevent you from hitting Robin.
Robin is almost dead.
You block Robin's attack. The goblin barely misses you.
The rat twitches its whiskers.
The rat barely misses you. The goblin barely misses you.
The goblin hits you but does no damage.
Sigmund hits you from afar with a scythe.
You die...

# .... # ## ######r..#
###########..#........
#............##...#?.#
#^..............†....#
#...............#..#.#
#...........(..... #
#.†...........@rg#
#.....<........g@#
#.....)......#..gg....#
#.)..................##
#.............##........
#.............###.######
#.............# #.
#.(...........# #
##.########.#.# #.# .#


You could see Sigmund, Robin, 3 goblins and a rat.

Vanquished Creatures
  Terence (D:2)
  An ooze (D:1)
  6 bats
  A giant cockroach (D:2)
  7 goblins (D:2)
  6 hobgoblins
  3 jackals (D:1)
  A ball python (D:2)
  A giant gecko (D:1)
  5 kobolds
  4 rats
36 creatures vanquished.

Notes
Turn   | Place    | Note
--------------------------------------------------------------
     0 | D:1      | JokEr the Gargoyle Fighter began the quest for the Orb.
     0 | D:1      | Reached XP level 1. HP: 14/14 MP: 1/1
    74 | D:1      | Reached XP level 2. HP: 19/19 MP: 2/2
   808 | D:2      | Noticed Terence
   825 | D:2      | Killed Terence
   825 | D:2      | Reached skill level 4 in Fighting
   825 | D:2      | Reached XP level 3. HP: 15/24 MP: 3/3
  1104 | D:2      | Reached XP level 4. HP: 29/29 MP: 4/4
  1125 | D:2      | Noticed Robin
  1145 | D:2      | Noticed Sigmund
  1159 | D:2      | Slain by Sigmund

Action                   |  1- 3 |  4- 6 || total
-------------------------+-------+-------++-------
Melee: Flail             |    82 |    25 ||   107
  Use: Potion            |       |     1 ||     1
  Eat: Bread ration      |     1 |       ||     1
